 Dungeon Crawl Stone Soup version 0.28.0 (webtiles) character file.

Game seed: 11977416348674231701

67 Prodoman the Magician (level 4, -1/30 HPs)
             Began as a Demonspawn Hedge Wizard on Feb 4, 2022.
             Frozen to death by an endoplasm (2 damage)
             ... on level 2 of the Dungeon.
             The game lasted 00:04:23 (2621 turns).

Prodoman the Magician (Demonspawn Hedge Wizard)     Turns: 2621, Time: 00:04:25

Health: -1/30      AC:  2    Str: 11    XL:     4   Next: 0%
Magic:  1/9        EV: 15    Int: 17    God:
Gold:   36         SH:  0    Dex: 12    Spells: 3/10 levels left

rFire   . . .      SeeInvis .   a - +0 dagger
rCold   . . .      Faith    .   (no shield)
rNeg    . . .      Spirit   .   b - +0 robe
rPois   .          Reflect  .   c - +0 hat
rElec   .          Harm     .   (no cloak)
rCorr   .          Rampage  .   (no gloves)
Will    .....                   (no boots)
Stlth   ++........              (no amulet)
HPRegen 0.10/turn               f - ring of flight
MPRegen 0.11/turn               (no ring)

@: flying
A: repulsion field 2
a: no special abilities


You were on level 2 of the Dungeon.
You visited 1 branch of the dungeon, and saw 2 of its levels.

You collected 36 gold pieces.

Inventory:

Hand Weapons
 a - a +0 dagger (weapon)
Armour
 b - a +0 robe (worn)
 c - a +0 hat (worn)
Jewellery
 f - a ring of flight (left hand)
Scrolls
 d - 2 scrolls of noise {unknown}


   Skills:
 + Level 2.2 Dodging
 - Level 2.0 Stealth
 * Level 3.5 Spellcasting
 + Level 1.7 Conjurations
 + Level 0.2 Hexes
 + Level 1.8 Summonings
 - Level 1.0 Translocations
 + Level 0.3 Fire Magic


You had 3 spell levels left.
You knew the following spells:

 Your Spells              Type           Power      Damage    Failure   Level
a - Magic Dart            Conj           36%        1d4       8%          1
b - Call Imp              Summ           9%         N/A       12%         2
c - Slow                  Hex            12%        N/A       16%         1
d - Conjure Flame         Conj/Fire      6%         6-21      32%         3

Your spell library contained the following spells:

 Spells                   Type           Power      Damage    Failure   Level
 Blink                    Tloc           12%        N/A       16%         2
 Mephitic Cloud           Conj/Pois/Air  5%         N/A       36%         3


Dungeon Overview and Level Annotations

Branches:
Dungeon (2/15)

Altars:


Innate Abilities, Weirdness & Mutations

You are surrounded by a moderate repulsion field. (EV +3)


Message History

The gnoll hits your white imp with a +0 whip.
Your white imp dies!
Your white imp disappears in a puff of smoke!
Casting: Call Imp (safe; 12% risk of failure)
Confirm with . or Enter, or press ? or * to list all spells.
A beastly little devil appears in a puff of flame.
It was a potion of heal wounds.
You feel much better.
Your crimson imp blinks!
The endoplasm freezes you.
You are frozen.
The gnoll closely misses you. The endoplasm hits you.
The bat barely misses you. The gnoll closely misses you.
The bat completely misses you. The endoplasm freezes you.
You are frozen.
Casting: Call Imp (safe; 12% risk of failure)
Confirm with . or Enter, or press ? or * to list all spells.
Aiming: Magic Dart (safe; 8% risk of failure)
Press: ? - help, Shift-Dir - straight line, f - gnoll
Aim: a gnoll, wielding a +0 flail (100% to hit)
The magic dart hits the gnoll but does no damage.
The bat hits you but does no damage. The gnoll closely misses you.
The bat barely misses you. The endoplasm barely misses you.
Casting: Magic Dart (safe; 8% risk of failure)
Confirm with . or Enter, or press ? or * to list all spells.
Aiming: Magic Dart (safe; 8% risk of failure)
Press: ? - help, Shift-Dir - straight line, f/p - gnoll
Aim: a gnoll, wielding a +0 flail (100% to hit)
The magic dart hits the gnoll.
The gnoll is lightly wounded.
The bat hits you. The gnoll hits you with a +0 flail!
The endoplasm closely misses you. The gnoll barely misses you.
Unknown command.
You barely miss the gnoll.
The gnoll is lightly wounded.
The bat misses you. The gnoll hits you with a +0 flail!
* * * LOW HITPOINT WARNING * * *
The endoplasm freezes you.
You are frozen.
You die...

#.# #.# #.# #.#
############.#########.#
+........#.............#
########...#.###########
...#########..#.........#
..g.))...>...5#########.#
...######.##Jg#########.#
#...g@........#.#
#####b..........#
#..######.###
#...†......# #.†##......#
#..##)####.# #..##.##.#.#
#.[##.##.#.# #..##....#.#


You could see 2 gnolls, an endoplasm, a bat and a friendly crimson imp
(summoned).

Vanquished Creatures
  2 adders (D:2)
  3 bats
  3 endoplasms
  A giant cockroach (D:2)
  5 hobgoblins
  5 ball pythons (D:1)
  2 frilled lizards (D:2)
  3 goblins
  A kobold (D:2)
  2 rats (D:1)
27 creatures vanquished.

Vanquished Creatures (collateral kills)
  2 gnolls (D:2)
2 creatures vanquished.

Vanquished Creatures (others)
  A fungus (D:1)
  11 toadstools (D:2)
12 creatures vanquished.

Grand Total: 41 creatures vanquished

Notes
Turn   | Place    | Note
-------+----------+-------------------------------------------
     0 | D:1      | Prodoman the Demonspawn Hedge Wizard began the quest for
                  | the Orb.
     0 | D:1      | Reached XP level 1. HP: 13/13 MP: 4/4
   327 | D:1      | Reached skill level 1 in Translocations
   866 | D:1      | Gained mutation: You are surrounded by a mild repulsion
                  | field. (EV +2) [demonic ancestry]
   866 | D:1      | Reached XP level 2. HP: 19/19 MP: 3/6
  1561 | D:1      | Found a faded altar of an unknown god.
  1728 | D:2      | Gained mutation: You are surrounded by a moderate repulsion
                  | field. (EV +3) [demonic ancestry]
  1728 | D:2      | Reached XP level 3. HP: 2/24 MP: 1/7
  1731 | D:2      | HP: 1/24 [bat (1)]
  2133 | D:2      | Learned a level 2 spell: Call Imp
  2135 | D:2      | Learned a level 1 spell: Slow
  2139 | D:2      | Learned a level 3 spell: Conjure Flame
  2605 | D:2      | Reached XP level 4. HP: 10/30 MP: 3/9
  2621 | D:2      | HP: 1/30 [gnoll (10)]
  2621 | D:2      | Frozen to death by an endoplasm

Illustrated notes

Levels and vault maps discovered:
D:1:      saegor_arrival_under_anarchy, layout_loops_corners,
          hellmonk_ecumenical_altar_inner_sanctum, minmay_misc_feat_roman,
          chequers_decorated_corner, minmay_shallow_snake_nest
D:2:      cheibrodos_fertilizer, layout_basic, serial_bayou_pond_a,
          minmay_pentomino_v4

Skill      XL: |  1  2 |
---------------+-------+-----
Translocations | 1 |  1.0
Stealth        | 2 |  2.0
Dodging        | 2 |  2.2
Spellcasting   | |  3.5
Conjurations   | |  1.7
Hexes          | |  0.2
Summonings     | |  1.8
Fire Magic     | |  0.3

Action                   |  1- 3 |  4- 6 || total
-------------------------+-------+-------++-------
Melee: Dagger            |    40 |     1 ||    41
 Cast: Magic Dart        |    65 |     2 ||    67
       Call Imp          |     1 |     1 ||     2
  Use: Potion            |       |     1 ||     1
Armor: Robe              |    14 |     1 ||    15
Dodge: Dodged            |    53 |    10 ||    63
